AoeStats
← Kanyaga

Arabia

508224615Analyzed
1v1 RM · 11d ago on Sep 21, 2026· 39m 9s· 2 players
Game mode
Random Map
Map size
Tiny (2 player)
Population
200
Speed
Normal
Resources
Standard
Victory
Conquest
Starting age
Dark Age
Ending age
Imperial Age
RankedLock teamsTeams togetherTeam positionsShared explorationLock speedFull tech treeHidden civsTurbo modeCheats
Victory
Defeat
🇹🇷 Huns · Türkiye
1486
+14
🇨🇳 Chinese · China
1446
-14
Kanyaga
2:00 Loom
9:31 Feudal Age
10:10 Double-Bit Axe
10:06 Horse Collar
16:09 Bloodlines
17:18 Town Watch
18:43 Scale Barding Armor
19:50 Forging
20:41 Wheelbarrow
20:52 Fletching
23:39 Castle Age
21:49 Padded Archer Armor
22:07 Gold Mining
23:42 Light Cavalry
24:40 Leather Archer Armor
24:45 Bow Saw
26:05 Elite Skirmisher
28:01 Bodkin Arrow
29:45 Ballistics
36:35 Stone Mining
阿罗不可能的
0:26 Loom
10:07 Feudal Age
15:43 Double-Bit Axe
17:29 Fletching
21:24 Castle Age
19:54 Gold Mining
20:24 Horse Collar
21:26 Padded Archer Armor
22:03 Bodkin Arrow
21:41 Crossbowman
25:33 Scale Mail Armor
26:59 Chain Mail Armor
30:33 Bow Saw
30:42 Leather Archer Armor
33:23 Squires
39:32 Ballistics
Connection lost

Rejoining the realm…

Still unreachable

The connection could not be restored.

Session expired

The server has moved on; the page needs a fresh start.